 Dungeon Crawl Stone Soup version 0.22.1-1-ga44c0e56f4 (webtiles) character file.

57 Inquisition the Sneak (level 3, 0/17 HPs)
             Began as a Felid Monk on Oct 2, 2018.
             Slain by an orc
             ... wielding a +0 flail
              (12 damage)
             ... on level 3 of the Dungeon on Oct 3, 2018.
             The game lasted 00:22:36 (1777 turns).

Inquisition the Sneak (Felid Monk)                  Turns: 1777, Time: 00:22:37

Health: 0/17       AC:  1    Str:  8    XL:     3   Next: 73%
Magic:  4/4        EV: 20    Int: 17    God:
Gold:   119        SH:  0    Dex: 18    Spells: 2/2 levels left
                                        Lives:  0   Deaths: 1

rFire    . . .     SeeInvis +     - Unarmed
rCold    . . .     Gourm    .   (shield unavailable)
rNeg     . . .     Faith    .   (armour unavailable)
rPois    .         Spirit   .   (helmet unavailable)
rElec    .         Reflect  .   (cloak unavailable)
rCorr    .         Harm     .   (gloves unavailable)
MR       .....                  (boots unavailable)
Stlth    +++.......             e - amulet of inaccuracy (curse)
HPRegen  0.05/turn              g - +6 ring of intelligence
MPRegen  0.09/turn              (no ring)

@: quick
A: very small, no armour, no weapons or thrown items, stealth, claws 1, fangs 3,
see invisible, carnivore, speed 1, shaggy fur 1, slow metabolism 1, sharp paws
a: no special abilities


You were on level 3 of the Dungeon.
You were completely stuffed.

You visited 1 branch of the dungeon, and saw 3 of its levels.
You also visited: Sewer.

You collected 119 gold pieces.

Inventory:

Jewellery
 c - an uncursed amulet of regeneration
 d - an uncursed amulet of guardian spirit
 e - a cursed amulet of inaccuracy (around neck)
 g - a +6 ring of intelligence (left paw)
Scrolls
 b - 2 scrolls of identify
 h - a scroll of magic mapping
 j - a scroll of enchant armour
 k - 2 scrolls of blinking
 l - 2 scrolls of immolation {unknown}
Potions
 f - a potion of degeneration
 i - a potion of might
Comestibles
 a - 6 rations
 m - 4 chunks of flesh


   Skills:
 + Level 3.2 Fighting
 + Level 4.5 Dodging
 + Level 4.7 Stealth
 + Level 4.1 Unarmed Combat


You had 2 spell levels left.
You didn't know any spells.
Your spell library was empty.

Dungeon Overview and Level Annotations

Branches:
Dungeon (3/15)

Altars:


Innate Abilities, Weirdness & Mutations

You cannot wear armour.
You are incapable of wielding weapons or throwing items.
Your paws allow you to move quietly. (Stealth)
You have sharp claws.
You have razor-sharp teeth.
You have supernaturally acute eyesight. (SInv)
You are carnivorous and can eat meat at any time.
You cover ground quickly.
You are covered in fur. (AC +1)
You have a slow metabolism.
Your sharp claws are effective at attacking unaware monsters.


Message History

You scratch the giant cockroach but do no damage.
The giant cockroach is moderately wounded.
The giant cockroach barely misses you.
You claw the giant cockroach!
You kill the giant cockroach!
You open the door.
There is an open door here. 3 orcs come into view.
An orc comes into view. It is wielding a whip.
The orc shouts! x3
Found a scroll of identify.
You scratch the orc but do no damage. The orc hits you with a dagger.
The orc closely misses you.
You scratch the orc but do no damage. The orc closely misses you.
The orc misses you.
You scratch the orc.
The orc is severely wounded.
The orc completely misses you. The orc hits you with a flail!
Ouch! That really hurt!
You die...

### #.# ... ..## #####
#.# ...# ....# #.# ...+
....# #.# ...# ....#
#####.####o..##?.
....####.......#oo......
....'.##.#......@#
....#.##..##.....#
.............#...#
....#####.##.#.....
##### #........#..
###........#..
#......#.. . ##.#.#####.
########### .#


You could see 3 orcs.

Vanquished Creatures
  3 adders
  3 oozes
  A dart slug (D:2)
  A leopard gecko (D:2)
  2 orcs (D:3)
  A ball python (D:2)
  6 bats
  5 giant cockroaches
  11 goblins
  8 hobgoblins
  5 kobolds
  A quokka (D:3)
  2 frilled lizards
  15 rats
64 creatures vanquished.

Notes
Turn   | Place    | Note
-------+----------+-------------------------------------------
     0 | D:1      | Inquisition the Felid Monk began the quest for the Orb.
     0 | D:1      | Reached XP level 1. HP: 10/10 MP: 2/2
   125 | D:1      | Reached XP level 2. HP: 7/14 MP: 3/3
   418 | D:1      | Reached XP level 3. HP: 15/17 MP: 4/4
  1050 | D:2      | Reached XP level 4. HP: 11/21 MP: 5/5
  1480 | D:3      | Found a glowing drain.
  1490 | Sewer    | Entered a sewer
  1568 | D:3      | Slain by an orc priest
  1569 | D:3      | Reached XP level 3. HP: 0/17 MP: 4/4
  1777 | D:3      | Slain by an orc

Skill      XL: |  1  2  3  4 |
---------------+-------------+-----
Stealth        | 3 4 |  4.7
Unarmed Combat | 4 |  4.1
Fighting       | |  3.2
Dodging        | |  4.5

Action                   |  1- 3 |  4- 6 || total
-------------------------+-------+-------++-------
Melee: Unarmed           |   132 |    71 ||   203
       Bite              |     9 |     2 ||    11
  Use: Scroll            |     6 |       ||     6
       Potion            |     4 |       ||     4
 Stab: Sleeping          |    13 |     1 ||    14
       Distracted        |     1 |       ||     1
  Eat: Chunk             |    13 |     2 ||    15
Armor: Skin              |     5 |     4 ||     9
Dodge: Dodged            |   101 |    49 ||   150
